AoeStats
← 8

Arena

510674020Analyzed
3v3 RM · 1d ago on Oct 2, 2026· 23m 30s· 6 players
Game mode
Random Map
Map size
Normal (6 player)
Population
200
Speed
Normal
Resources
Standard
Victory
Conquest
Starting age
Dark Age
Ending age
Imperial Age
RankedLock teamsTeams togetherTeam positionsShared explorationLock speedFull tech treeHidden civsTurbo modeCheats
Victory
Defeat
🇲🇽 Burmese · Mexico
1338
+10
🇲🇽 Britons · Mexico
1286
+12
🇲🇽 Malians · Mexico
1078
+22
🇺🇸 Danes · United States
1259
-17
🇺🇸 Saxons · United States
1224
-15
🇮🇳 Varangians · India
1128
-12
Ra
10:33 Feudal Age
12:04 Loom
14:32 Castle Age
13:44 Double-Bit Axe
19:13 Gambesons
19:16 Arson
dipsh*t
10:16 Feudal Age
14:08 Castle Age
13:21 Double-Bit Axe
16:04 Arson
19:08 Horse Collar
22:49 Squires
8
5:12 Loom
8:22 Feudal Age
10:45 Double-Bit Axe
14:20 Fletching
20:27 Castle Age
Cero Ryzen
10:27 Feudal Age
14:33 Castle Age
13:32 Padded Archer Armor
14:20 Loom
17:48 Gold Mining
22:54 Wheelbarrow
KarlStrange
10:31 Feudal Age
14:28 Castle Age
13:27 Double-Bit Axe
15:06 Gold Mining
17:52 Ballistics
18:16 Fletching
20:00 Bodkin Arrow
22:53 Yeomen
24:08 Padded Archer Armor
_Snake_Khan_
9:58 Feudal Age
9:44 Loom
11:26 Fletching
20:50 Castle Age
19:07 Double-Bit Axe
19:05 Horse Collar
Connection lost

Rejoining the realm…

Still unreachable

The connection could not be restored.

Session expired

The server has moved on; the page needs a fresh start.